 Dungeon Crawl Stone Soup version 0.20.1-1-g8b1a95d (webtiles) character file.

40 keltmir the Ruffian (level 3, -3/29 HPs)
             Began as a Draconian Transmuter on Oct 28, 2017.
             Slain by a gnoll
             ... wielding a +0 halberd
              (15 damage)
             ... on level 2 of the Dungeon.
             The game lasted 00:10:49 (1664 turns).

keltmir the Ruffian (Draconian Transmuter)          Turns: 1664, Time: 00:10:50

Health: -3/29      AC:  5    Str: 13    XL:     3   Next: 30%
Magic:  4/6        EV: 12    Int: 13    God:
Gold:   87         SH:  0    Dex: 11    Spells: 3/6 levels left

rFire    . . .     SeeInvis .     - Unarmed
rCold    . . .     Gourm    .   (no shield)
rNeg     . . .     Faith    .   (armour unavailable)
rPois    .         Spirit   .   j - +0 hat
rElec    .         Reflect  .   (no cloak)
rCorr    .         Harm     .   (no gloves)
MR       .....                  (no boots)
Stlth    +.........             (no amulet)
Regen    0.1/turn               (no ring)
MPRegen  0.1/turn               (no ring)

@: appendage, very slightly contaminated
A: unfitting armour, horns 2, cold-blooded, AC +5
a: End Transformation


You were on level 2 of the Dungeon.
You were not hungry.
You had grown temporary horns.
You visited 1 branch of the dungeon, and saw 2 of its levels.

You collected 87 gold pieces.

Inventory:

Hand Weapons
 h - a +2 hunting sling of freezing
Missiles
 a - 37 arrows
Armour
 j - a +0 hat (worn)
Jewellery
 r - an uncursed amulet of rage {unknown}
Wands
 o - a wand of iceblast (13/15)
Scrolls
 e - a scroll of amnesia
 g - a scroll of remove curse
 u - a scroll of recharging {unknown}
Potions
 l - a potion of curing
 n - a potion of cancellation {unknown}
 q - 2 potions of resistance
 t - a potion of brilliance {unknown}
Books
 b - a book of Changes

   Spells                             Type                      Level
   a - Beastly Appendage              Transmutation                1
   b - Sticks to Snakes               Transmutation                2
   c - Spider Form                    Transmutation/Poison         3
   d - Ice Form                       Ice/Transmutation            4
   e - Blade Hands                    Transmutation                5
Comestibles
 c - a bread ration
 d - a royal jelly
 s - 2 meat rations


   Skills:
 + Level 2.1 Fighting
 + Level 2.1 Dodging
 + Level 3.1 Unarmed Combat
 - Level 2.0 Spellcasting
 * Level 2.8 Transmutations


You had 3 spell levels left.
You knew the following spells:

 Your Spells              Type           Power        Failure   Level  Hunger
a - Beastly Appendage     Tmut           #.....       8%          1    ##.....
b - Sticks to Snakes      Tmut           #.......     12%         2    ###....


Dungeon Overview and Level Annotations

Branches:
Dungeon (2/15)

Altars:
The Shining One


Innate Abilities, Weirdness & Mutations

Your plain brown scales are hard. (AC +5)
You cannot fit into any form of body armour.
You are cold-blooded and may be slowed by cold attacks.
You have a pair of horns on your head.


Message History

Your magical contamination has completely faded away.
Your surroundings suddenly seem different.
You start resting.
You see here 9 poisoned needles.
You see here an embroidered hat.
The gnoll misses you. The gnoll barely misses you. The gnoll barely misses you.
There is an open door here.
Casting: Sticks to Snakes
Confirm with . or Enter, or press ? or * to list all spells.
You miscast Beastly Appendage.
You are very lightly contaminated with residual magic.
Nothing appears to happen.
The gnoll closely misses you.
Casting: Beastly Appendage
Confirm with . or Enter, or press ? or * to list all spells.
You grow a pair of large bovine horns.
The gnoll hits you from afar with a halberd!
Ouch! That really hurt!
You die...

.####....###....†......
.##..........###.##..#.
.##........g...#..#....
.##.........##.##.#.
.#####.....###.##..# .#
#.....# .....# .#
#....#######..## ##
#....#....##..)#
######.........'@.#.##
....##....#...g####..#
....##....#....# ##.##.#
....##....#....#####..#.#
....##....#....#...##.#.#
....##....#....#...##.#.#
#######
..........#.[..#...##.#.#
#.....#
...............#...##.#.#
#.....#
####.........###...##)..#
#.....#


You could see a gnoll.

Vanquished Creatures
  A gnoll (D:2)
  A worm (D:1)
  A dart slug (D:1)
  8 bats
  2 giant cockroaches
  A goblin (D:1)
  3 hobgoblins
  A quokka (D:2)
  2 ball pythons (D:2)
  2 frilled lizards
  4 kobolds
  3 rats
29 creatures vanquished.

Notes
Turn   | Place    | Note
-------+----------+-------------------------------------------
     0 | D:1      | keltmir the Draconian Transmuter began the quest for the Orb.
     0 | D:1      | Reached XP level 1. HP: 16/16 MP: 3/3
   390 | D:1      | Reached XP level 2. HP: 15/23 MP: 3/5
   952 | D:1      | Learned a level 2 spell: Sticks to Snakes
  1093 | D:2      | Reached XP level 3. HP: 27/29 MP: 2/6
  1403 | D:2      | Found a glowing golden altar of the Shining One.
  1664 | D:2      | Slain by a gnoll

Skill      XL: |  1  2 |
---------------+-------+-----
Dodging        | 2 |  2.1
Fighting       | 2 |  2.1
Unarmed Combat | |  3.1
Spellcasting   | |  2.0
Transmutations | |  2.8

Action                   || total
-------------------------++-------
Melee: Unarmed           ||   100
       Headbutt          ||     6
       Tailslap          ||     8
       Kick              ||     3
 Cast: Beastly Appendage ||    10
       Sticks to Snakes  ||     3
  Use: Scroll            ||     7
       Potion            ||     1
  Eat: Chunk             ||     1
       Bread ration      ||     1
Armor: Skin              ||    45
Dodge: Dodged            ||    94
